 Dungeon Sprint DCSS version 0.31-a0-1027-gfb7600b534 (webtiles) character file.

Game seed: 11298820475247955310

124 Conn the Firebug (level 5, 0/30 (32) HPs)
             Began as an Octopode Fire Elementalist on Nov 18, 2023.
             Slain by Menkaure (9 damage)
             ... in the Dungeon (Sprint II: "The Violet Keep of Menkaure").
             The game lasted 00:02:11 (32 turns).

Conn the Firebug (Octopode Fire Elementalist)         Turns: 32, Time: 00:02:12

HP:   0/30 (32)     AC:  1    Str:  7    XL:     5   Next: 8%
MP:   12/12         EV: 13    Int: 20    God:
Gold: 0             SH:  0    Dex: 12    Spells: 13/14 levels left

rFire   . . .        (no weapon)
rCold   . . .        (no shield)
rNeg    . . .        (helmet restricted)
rPois   .            (no amulet)
rElec   .            (no ring)
rCorr   .            (no ring)
SInv    .            (no ring)
Will    .....        (no ring)
Stlth   +++++        (no ring)
HPRegen 0.25/turn    (no ring)
MPRegen 0.13/turn    (no ring)
                     (no ring)

%: no teleportation
@: on berserk cooldown, hasted and slowed, drained
A: almost no armour, amphibious, 8 rings, camouflage 1, gelatinous body 1,
nimble swimmer 1, tentacles
a: no special abilities


You were in the Dungeon.
You visited 1 branch

Inventory:

Potions
 a - 2 potions of magic
 b - a potion of curing


   Skills:
 + Level 0.8 Fighting
 + Level 3.3 Dodging
 + Level 4.4 Stealth
 * Level 5.0 Spellcasting
 * Level 3.9 Conjurations
 + Level 6.6 Fire Magic


You had 13 spell levels left.
You knew the following spells:

 Your Spells              Type           Power      Damage    Failure   Level
a - Foxfire               Conj/Fire      100%       2x1d9     1%          1

Your spell library contained the following spells:

 Spells                   Type           Power      Damage    Failure   Level
 Scorch                   Fire           62%        2d7       1%          2
 Inner Flame              Hex/Fire       18%        N/A       9%          3
 Volatile Blastmotes      Fire/Tloc      36%        2d13      9%          3
 Flame Wave               Conj/Fire      26%        2d8       13%         4


Dungeon Overview and Level Annotations

Branches:
Dungeon (1/1)

Altars:

Shops:
D !:![*([

Annotations:
D Menkaure, Roxanne


Innate Abilities, Weirdness & Mutations

You cannot wear most types of armour.
You are amphibious.
You can wear up to eight rings at the same time.
Your skin changes colour to match your surroundings (Stealth+).
Your rubbery body absorbs attacks. (AC +1, EV +1)
You are camouflaged when in or above water. (Stealth+)
You have tentacles for arms and can constrict up to eight enemies at once.


Message History

Your Dodging skill increases to level 3!
Your Spellcasting skill increases to level 5!
Your Fire Magic skill increases to level 6!
You have reached level 5!
You feel clever.
You see here a necrophage corpse.
You slam the door shut with a bang!
You feel a strong urge to attack something.
You are no longer berserk.
You are exhausted.
You feel yourself slow down.
A necrophage opens the door.
There is a staircase leading out of the dungeon, spattered with blood here.
Okay, then.
You feel yourself speed up. Magic courses through your body.
You feel much better. The necrophage hits you.
You feel drained. The necrophage closely misses you.
Blink to where?
Press: ? - help, Dir - move target
Found 243 gold pieces.
As you read the scroll of blinking, it crumbles to dust.
You open the door.
Marking area around Roxanne as unsafe for travelling.
There is an open door here.
Menkaure, Prince of Dust comes into view.
Found Xeyxzyur's Antique Weapon Shoppe and Ogetocenn's Armour Emporium.
The necrophage attacks as it pursues you!
The necrophage barely misses you.
Menkaure shouts!
Found Higixkec's Antique Armour Emporium and Duerr's Assorted Antiques.
Menkaure closely misses you.
You enter the shallow water.
Found Xoxuilea's Book Shoppe and Qept's Distillery.
Menkaure breathes soot at you. Menkaure hits you!!
Ouch! That really hurt!
* * * LOW HITPOINT WARNING * * *
Found Sacashri's Distillery.
Menkaure attacks as he pursues you! Menkaure hits you!
You die...

...§...##
.~§§§..##
.~8.....# ##
~..~.. #~## ....
######~~#+++#+++##
#####~~~.n.n.....#
....#~~~~.##'##..#
⌠...#~~@M##.$.##
.∩..#~~~~#..#..#
∩.∩.#~~####.#.##
.∩.∩#~##. ##'##
..∩.#~#..B##†##
...∩+~ #+.<.+
....# #.B$##.##
▓▓# # ##. #+# #


You could see 2 necrophages and Menkaure.

Vanquished Creatures
  2 necrophages (D)
2 creatures vanquished.

Vanquished Creatures (others)
  2 foxfires (D)
2 creatures vanquished.

Grand Total: 4 creatures vanquished

Notes
Turn   | Place    | Note
-------+----------+-------------------------------------------
     0 | D        | Conn the Octopode Fire Elementalist began the quest for the
                  | Orb.
     0 | D        | Reached XP level 1. HP: 11/11 MP: 3/3
     1 | D        | Noticed a boulder beetle
     1 | D        | Noticed a boulder beetle
     4 | D        | Noticed a necrophage
     4 | D        | Noticed a necrophage
     4 | D        | Noticed a necrophage
     4 | D        | Noticed a necrophage
    13 | D        | Killed a necrophage
    14 | D        | Reached skill level 5 in Fire Magic
    14 | D        | Reached XP level 2. HP: 13/17 MP: 1/7
    14 | D        | Reached XP level 3. HP: 17/21 MP: 1/8
    14 | D        | Reached XP level 4. HP: 22/27 MP: 1/10
    18 | D        | Killed a necrophage
    19 | D        | Reached skill level 5 in Spellcasting
    19 | D        | Reached skill level 6 in Fire Magic
    19 | D        | Reached XP level 5. HP: 16/32 MP: 1/12
    26 | D        | Noticed Roxanne
    28 | D        | Noticed Menkaure
    29 | D        | Found Xeyxzyur's Antique Weapon Shoppe.
    29 | D        | Found Ogetocenn's Armour Emporium.
    30 | D        | Found Higixkec's Antique Armour Emporium.
    30 | D        | Found Duerr's Assorted Antiques.
    31 | D        | Found Xoxuilea's Book Shoppe.
    31 | D        | Found Qept's Distillery.
    32 | D        | Found Sacashri's Distillery.
    32 | D        | Slain by Menkaure

Illustrated notes

Levels and vault maps discovered:
D:        the_violet_keep_of_menkaure [sprint2_stairs_cluster_1,
          sprint2_shoproom, sprint2_temple, sprint2_basic_supplies,
          sprint2_obstacle_7, sprint2_obstacle_4, sprint2_obstacle_6,
          sprint2_obstacle_3, sprint2_obstacle_5, sprint2_timed_cluster_1,
          sprint2_smallroom_cluster_1, sprint2_smallroom_final_cluster_1,
          sprint2_transparent_cluster_1, sprint2_second_timed_cluster_1,
          sprint2_sniper_area_1, sprint2_heavy_combat_area_1,
          sprint2_mutation_trap_area_1, sprint2_forest_area_1,
          sprint2_light_combat_area_1, sprint2_behind_water_1,
          sprint2_near_end_vault_1]

Skill      XL: |  1  2  3  4 |
---------------+-------------+-----
Stealth        | 4 |  4.4
Spellcasting   | 4 5 |  5.0
Conjurations   | 3 |  3.9
Fire Magic     | 5 6 |  6.6
Dodging        | 3 |  3.3
Fighting       | |  0.8

Action                     |  1- 3 |  4- 6 || total
---------------------------+-------+-------++-------
  Melee: Unarmed           |     5 |     5 ||    10
         Constrict         |     1 |     1 ||     2
         Tentacles         |       |     1 ||     1
   Cast: Foxfire           |     1 |       ||     1
    Use: Potion            |     1 |     3 ||     4
         Scroll            |       |     1 ||     1
 Armour: Skin              |     3 |     4 ||     7
  Dodge: Dodged            |     2 |     4 ||     6

Table legend: (Time is in decaauts)
 A = Elapsed time spent in this place.
 B = Non-inter-level travel time spent in this place.
 C = Inter-level travel time spent in this place.
 D = Time resting spent in this place.
 E = Time spent auto-exploring this place.
 F = Levels seen in this place.
 G = Mean time per level.
                   A        B        C        D        E       F      G
               +--------+--------+--------+--------+--------+-----+--------+
         Total |     27 |     27 |      0 |      0 |      0 |   1 |   27.0 |
       Dungeon |     27 |     27 |      0 |      0 |      0 |   1 |   27.0 |
               +--------+--------+--------+--------+--------+-----+--------+

Top non-repeatable levels by time:
       D: 27 daAuts
